[Event "Delancey UK Schools 2019 U18"]
[Site "Daventry"]
[Date "2019.09.24"]
[Round "1.1"]
[White "Brown, Tom"]
[Black "Kalavannan, Koby"]
[Result "0-1"]
[ECO "D02"]
[WhiteElo "2005"]
[BlackElo "2324"]
[Annotator "ChessBase"]
[PlyCount "74"]
[EventDate "2019.09.24"]
[EventCountry "GBR"]
[SourceTitle "playchess.com"]
[Source "ChessBase"]
[SourceQuality "1"]
[TimeControl "40/5400+30:1800+30"]

1. d4 Nf6 2. Nf3 g6 3. Nbd2 d5 4. e3 Bg7 5. b4 a5 6. b5 c5 7. bxc6 bxc6 8. c4 O-O 9. Be2 Nbd7 10. Ba3 Re8 11. O-O Ba6 12. Rb1 e5 13. dxe5 Nxe5 14. cxd5 Nxd5 15. Bxa6 Nc3 16. Qc2 Nxb1 17. Rxb1 Rxa6 18. Nxe5 Bxe5 19. Ne4 Bxh2+ 20. Kf1 Be5 21. Nc5 Ra7 22. Rd1 Qc8 23. Bb2 Bxb2 24. Qxb2 Qg4 25. Rd4 Qf5 26. Ne4 Rf8 27. Nd6 Qe5 28. Qb6 Qe7 29. Qxc6 Rc7 30. Qd5 Rc1+ 31. Ke2 Qe6 32. Qxa5 Rc2+ 33. Kf1 Rxa2 34. Qc3 Ra6 35. Ne4 Rc8 36. Qb2 Ra2 37. Qb1 Qa6+ 0-1

[Event "Delancey UK Schools 2019 U18"]
[Site "Daventry"]
[Date "2019.09.24"]
[Round "1.2"]
[White "Willow, Jonah B"]
[Black "Somton, Anita"]
[Result "1-0"]
[ECO "B12"]
[WhiteElo "2327"]
[BlackElo "1831"]
[Annotator "ChessBase"]
[PlyCount "43"]
[EventDate "2019.09.24"]
[EventCountry "GBR"]
[SourceTitle "playchess.com"]
[Source "ChessBase"]
[SourceQuality "1"]
[TimeControl "40/5400+30:1800+30"]

1. e4 c6 2. d4 d5 3. e5 Bf5 4. h4 h5 5. c4 e6 6. Nc3 Ne7 7. Nge2 Nd7 8. Ng3 Bg4 9. f3 Bf5 10. cxd5 exd5 11. Bg5 Be6 12. Qd2 Qb6 13. Be3 g6 14. Be2 Bg7 15. O-O O-O-O 16. b4 Nf5 17. Nxf5 Bxf5 18. b5 Nxe5 19. dxe5 d4 20. Na4 Qc7 21. Bg5 Rd5 22. Bc4 1-0

[Event "Delancey UK Schools 2019 U18"]
[Site "Daventry"]
[Date "2019.09.24"]
[Round "1.3"]
[White "Stubbs, Oliver"]
[Black "Golding, Alex"]
[Result "1-0"]
[ECO "A48"]
[WhiteElo "1835"]
[BlackElo "2306"]
[Annotator "ChessBase"]
[PlyCount "110"]
[EventDate "2019.09.24"]
[EventCountry "GBR"]
[SourceTitle "playchess.com"]
[Source "ChessBase"]
[SourceQuality "1"]
[TimeControl "40/5400+30:1800+30"]

1. d4 Nf6 2. Bf4 g6 3. Nd2 d5 4. e3 Bg7 5. Ngf3 O-O 6. h3 c5 7. c3 b6 8. Bd3 Bb7 9. O-O Nc6 10. Qe2 Nd7 11. Ba6 Qc8 12. Bxb7 Qxb7 13. e4 dxe4 14. Qxe4 Nf6 15. Qe2 cxd4 16. cxd4 Rfd8 17. Be5 Ne8 18. Rfe1 e6 19. Rad1 Rd5 20. Bxg7 Kxg7 21. Nc4 Rad8 22. Ne3 Nxd4 23. Nxd4 Rxd4 24. Rxd4 Rxd4 25. Nf5+ gxf5 26. Qe5+ Nf6 27. Qxd4 Qd5 28. Qc3 h6 29. Re3 f4 30. Rf3 e5 31. Qb3 Qd4 32. Rd3 Qe4 33. Qd1 Qf5 34. Ra3 e4 35. Rxa7 f3 36. Qb3 Nd5 37. g4 Qg5 38. Qc4 Qf4 39. Rd7 Nb4 40. Qd4+ Kh7 41. Rd8 Qc1+ 42. Kh2 Qf4+ 43. Kg1 Qc1+ 44. Kh2 Qf4+ 45. Kg1 Qc1+ 46. Qd1 Qxb2 47. Qd4 Qc1+ 48. Kh2 Qf4+ 49. Kg1 Qc1+ 50. Kh2 Qf4+ 51. Kg1 Qc1+ 52. Qd1 Nxa2 53. Qxc1 Nxc1 54. Rb8 Ne2+ 55. Kh2 Nf4 1-0

[Event "Delancey UK Schools 2019 U18"]
[Site "Daventry"]
[Date "2019.09.24"]
[Round "1.4"]
[White "Stoyanov, Viktor"]
[Black "Ye, Kevin"]
[Result "1-0"]
[ECO "E05"]
[WhiteElo "2272"]
[BlackElo "1758"]
[Annotator "ChessBase"]
[PlyCount "62"]
[EventDate "2019.09.24"]
[EventCountry "GBR"]
[SourceTitle "playchess.com"]
[Source "ChessBase"]
[SourceQuality "1"]
[TimeControl "40/5400+30:1800+30"]

1. d4 d5 2. Nf3 Nf6 3. c4 e6 4. g3 Be7 5. Bg2 O-O 6. O-O dxc4 7. Qc2 a6 8. a4 Bd7 9. Rd1 Bc6 10. Nc3 a5 11. e4 Na6 12. Ne5 Nb4 13. Qe2 Nd7 14. Nxc4 Nb6 15. Nxb6 cxb6 16. d5 exd5 17. exd5 Bd7 18. d6 Bf6 19. Bxb7 Rb8 20. Bg2 Re8 21. Be3 Rc8 22. Rac1 Bc6 23. Bxc6 Rxc6 24. Qd2 Re6 25. Nb5 Qd7 26. Rxc6 Nxc6 27. Bxb6 Qb7 28. Be3 Ne5 29. Qd5 Qd7 30. Nc7 Nf3+ 31. Qxf3 Rxd6 1-0

[Event "Delancey UK Schools 2019 U18"]
[Site "Daventry"]
[Date "2019.09.24"]
[Round "1.5"]
[White "Guha, Chirag"]
[Black "Boswell, Jacob Connor"]
[Result "0-1"]
[ECO "D02"]
[WhiteElo "1769"]
[BlackElo "2000"]
[Annotator "NA"]
[PlyCount "94"]
[EventDate "2019.09.24"]
[EventCountry "GBR"]
[SourceTitle "playchess.com"]
[Source "ChessBase"]
[SourceQuality "1"]
[TimeControl "40/5400+30:1800+30"]

1. d4 b6 2. Nf3 Bb7 3. Nbd2 e6 4. g3 Nf6 5. Bg2 d5 6. c4 Nbd7 7. O-O Bd6 8. b3 O-O 9. Bb2 c5 10. Rc1 Qe7 11. e3 Rfd8 12. Qe2 e5 13. dxe5 Nxe5 14. Nxe5 Bxe5 15. Bxe5 Qxe5 16. cxd5 Nxd5 17. Nc4 Qe7 18. Rfd1 Rd7 19. Rd3 Rad8 20. a3 Nf4 21. gxf4 Rxd3 22. Ne5 Rd2 23. Qc4 Rd1+ 24. Rxd1 Rxd1+ 25. Bf1 Qe6 26. Qe2 Qd5 27. f3 Qd2 28. Qxd2 Rxd2 29. Bc4 Bd5 30. Bxd5 Rxd5 31. Nc6 Rd3 32. Nxa7 Rxe3 33. Kf2 Rxb3 34. Nc8 Kf8 35. a4 Ke8 36. Nd6+ Ke7 37. Nf5+ Kf6 38. Ne3 Rb2+ 39. Kg3 g6 40. Nc4 Rb4 41. Ne3 Rxa4 42. Nd5+ Ke6 43. Nxb6 Rd4 44. Kf2 Kd6 45. Nc8+ Kd7 46. Nb6+ Kc7 47. Na8+ Kb7 0-1

[Event "Delancey UK Schools 2019 U18"]
[Site "Daventry"]
[Date "2019.09.24"]
[Round "1.6"]
[White "Klingher, Dominic"]
[Black "Nayak, Raghav"]
[Result "1-0"]
[ECO "C27"]
[WhiteElo "2071"]
[BlackElo "1914"]
[Annotator "NA"]
[PlyCount "69"]
[EventDate "2019.09.24"]
[EventCountry "GBR"]
[SourceTitle "playchess.com"]
[Source "ChessBase"]
[SourceQuality "1"]
[TimeControl "40/5400+30:1800+30"]

1. e4 e5 2. Nc3 Nf6 3. Bc4 Nxe4 4. Qh5 Nd6 5. Bb3 Nc6 6. Nb5 g6 7. Qf3 f5 8. Qd5 Qe7 9. Nxc7+ Kd8 10. Nxa8 b6 11. Nxb6 axb6 12. d3 Bb7 13. h4 h6 14. Qf3 Bg7 15. Qg3 e4 16. Be3 exd3 17. O-O-O Nd4 18. Rxd3 Ba6 19. Rd1 Nxb3+ 20. axb3 Be5 21. Bxb6+ Kc8 22. Qxg6 Ne4 23. Bd4 Bb7 24. Bxe5 Qxe5 25. Nf3 Qc5 26. Qg7 Rd8 27. Rd4 d5 28. Qe5 Nd6 29. Rhd1 Re8 30. Qf4 Nb5 31. Qxf5+ Kb8 32. Rxd5 Bxd5 33. Qxd5 Qb6 34. Ne5 Rc8 35. Nd7+ 1-0

[Event "Delancey UK Schools 2019 U18"]
[Site "Daventry"]
[Date "2019.09.24"]
[Round "1.7"]
[White "Isaksen, Peter A"]
[Black "Grieve, Harry"]
[Result "0-1"]
[ECO "B07"]
[WhiteElo "1858"]
[BlackElo "2277"]
[Annotator "ChessBase"]
[PlyCount "46"]
[EventDate "2019.09.24"]
[EventCountry "GBR"]
[SourceTitle "playchess.com"]
[Source "ChessBase"]
[SourceQuality "1"]
[TimeControl "40/5400+30:1800+30"]

1. e4 d6 2. d4 Nf6 3. Nc3 Nbd7 4. f4 e5 5. Nf3 exd4 6. Nxd4 g6 7. Bc4 Bg7 8. O-O O-O 9. f5 c6 10. Kh1 Ne5 11. Bb3 Nfd7 12. h3 Nc5 13. Nf3 Nxb3 14. axb3 Qe7 15. Nxe5 Bxe5 16. Bh6 Re8 17. fxg6 hxg6 18. Qf3 Be6 19. Rad1 g5 20. Qh5 f6 21. h4 g4 22. Ne2 Qh7 23. Rxd6 Qxe4 0-1

[Event "Delancey UK Schools 2019 U18"]
[Site "Daventry"]
[Date "2019.09.24"]
[Round "1.8"]
[White "Cocks, Elliot"]
[Black "Rathbone-Jones, Ifan"]
[Result "1/2-1/2"]
[ECO "B13"]
[WhiteElo "1881"]
[BlackElo "1879"]
[Annotator "NA"]
[PlyCount "139"]
[EventDate "2019.09.24"]
[EventCountry "GBR"]
[SourceTitle "playchess.com"]
[Source "ChessBase"]
[SourceQuality "1"]
[TimeControl "40/5400+30:1800+30"]

1. c4 c5 2. e3 e6 3. d4 d5 4. Nf3 Nf6 5. a3 cxd4 6. exd4 Bd6 7. Nc3 a6 8. c5 Bc7 9. Bg5 h6 10. Bh4 Bd7 11. Be2 Nc6 12. O-O O-O 13. b4 b5 14. cxb6 Bxb6 15. Na4 Nxd4 16. Nxb6 Nxe2+ 17. Qxe2 Qxb6 18. Bxf6 gxf6 19. Qd2 Kg7 20. Rfe1 Bc6 21. Nd4 Rh8 22. Qf4 Bd7 23. Nb3 Rag8 24. Nc5 Bc8 25. Re3 e5 26. Rg3+ Kh7 27. Qf3 Rxg3 28. hxg3 Rd8 29. Rd1 Qd6 30. Ne4 Qe6 31. Nxf6+ Kh8 32. Rxd5 Rxd5 33. Nxd5 Bb7 34. Qf6+ Qxf6 35. Nxf6 Kg7 36. Ne8+ Kg6 37. f3 f5 38. Nd6 Bd5 39. Nc8 Kf6 40. Nb6 Bb3 41. Nd7+ Ke7 42. Nxe5 Kd6 43. Nd3 Kc6 44. Kf2 Kb5 45. Ke3 Bc4 46. Nc5 a5 47. Kf4 axb4 48. axb4 Kxb4 49. Nb7 Bf1 50. Nd6 Bxg2 51. Nxf5 h5 52. Ng7 Kc5 53. Nxh5 Kd6 54. g4 Ke6 55. Ke4 Bf1 56. g5 Kf7 57. f4 Bg2+ 58. Ke3 Kg6 59. Ng3 Bh3 60. Ke4 Bd7 61. Ke5 Bg4 62. Ne4 Bc8 63. Nc5 Bh3 64. Ne6 Bg4 65. Nc7 Bh3 66. Nd5 Bd7 67. Ne7+ Kf7 68. Kd6 Bh3 69. f5 Bxf5 70. Nxf5 1/2-1/2

[Event "Delancey UK Schools 2019 U18"]
[Site "Daventry"]
[Date "2019.09.24"]
[Round "1.9"]
[White "Stewart, Lilya"]
[Black "Pollack, Oscar"]
[Result "1/2-1/2"]
[ECO "C04"]
[WhiteElo "1567"]
[BlackElo "2112"]
[Annotator "ChessBase"]
[PlyCount "163"]
[EventDate "2019.09.24"]
[EventCountry "GBR"]
[SourceTitle "playchess.com"]
[Source "ChessBase"]
[SourceQuality "1"]
[TimeControl "40/5400+30:1800+30"]

1. e4 e6 2. d4 d5 3. Nd2 Nc6 4. exd5 exd5 5. c3 Bf5 6. Ndf3 Bd6 7. Bb5 Nge7 8. Bg5 f6 9. Be3 Qd7 10. Ne2 a6 11. Ba4 O-O 12. O-O Bg4 13. Nf4 Bxf4 14. Bxf4 Ng6 15. Bg3 Rae8 16. Qd3 Bf5 17. Qd2 b5 18. Bc2 Be4 19. Ne1 f5 20. f3 Bxc2 21. Qxc2 f4 22. Bf2 Nce7 23. Nd3 Nf5 24. Nc5 Qd6 25. Rfe1 Ne3 26. Qd3 Kh8 27. Bxe3 fxe3 28. Rxe3 Nf4 29. Qd2 Rxe3 30. Qxe3 Qg6 31. g3 Nh3+ 32. Kh1 Re8 33. Qd2 Qf5 34. Kg2 Ng5 35. Rf1 Qh3+ 36. Kg1 h6 37. Nd3 Qh5 38. Kg2 Qh3+ 39. Kg1 Qf5 40. Nf4 Nf7 41. Qd3 Qg5 42. Qg6 Qxg6 43. Nxg6+ Kh7 44. Nf4 c6 45. Kf2 g5 46. Nd3 Kg6 47. Re1 Rxe1 48. Nxe1 Nd6 49. b3 Kf5 50. Nd3 g4 51. fxg4+ Kxg4 52. Ne5+ Kf5 53. Nxc6 Ne4+ 54. Ke3 Nxc3 55. a3 Nd1+ 56. Ke2 Nc3+ 57. Kd3 Ne4 58. Nb4 Nf2+ 59. Ke2 Ng4 60. Nxd5 Nxh2 61. Nb4 a5 62. Nc6 Ke4 63. a4 bxa4 64. bxa4 Ng4 65. Nxa5 Kxd4 66. Nb3+ Kc4 67. Nd2+ Kb4 68. Kf3 h5 69. Ne4 Kxa4 70. Ng5 Kb5 71. Ne6 Kc6 72. Nf4 Ne5+ 73. Ke4 Nf7 74. Nxh5 Kd7 75. Kf5 Nd6+ 76. Kg6 Ke6 77. g4 Nc4 78. Kh6 Ne5 79. Nf4+ Kd6 80. g5 Nf7+ 81. Kg6 Nxg5 82. Kxg5 {[%emt 0:00:14] Kd5} 1/2-1/2

[Event "Delancey UK Schools 2019 U18"]
[Site "Daventry"]
[Date "2019.09.24"]
[Round "1.10"]
[White "Carroll, Thomas"]
[Black "Modhura, Urbi"]
[Result "1-0"]
[ECO "C13"]
[WhiteElo "2036"]
[BlackElo "1451"]
[Annotator "NA"]
[PlyCount "63"]
[EventDate "2019.09.24"]
[EventCountry "GBR"]
[SourceTitle "playchess.com"]
[Source "ChessBase"]
[SourceQuality "1"]
[TimeControl "40/5400+30:1800+30"]

1. d4 Nf6 2. Bg5 d5 3. Nd2 e6 4. e4 dxe4 5. Nxe4 Be7 6. Bxf6 Bxf6 7. Nf3 Nd7 8. c3 O-O 9. Bd3 h6 10. Qe2 a6 11. h4 b5 12. g4 Bb7 13. g5 hxg5 14. hxg5 Be7 15. O-O-O g6 16. Rh3 Kg7 17. Rdh1 Rh8 18. Rxh8 Qxh8 19. Rxh8 Rxh8 20. Qe3 Nb6 21. Qf4 Nd5 22. Qe5+ Kg8 23. c4 bxc4 24. Bxc4 Kh7 25. Bxd5 Bxd5 26. Nf6+ Bxf6 27. Qxf6 Rf8 28. Ne5 Kg8 29. Nd7 Rd8 30. Qxd8+ Kg7 31. Qf8+ Kh7 32. Nf6# 1-0

[Event "Delancey UK Schools 2019 U18"]
[Site "Daventry"]
[Date "2019.09.24"]
[Round "1.13"]
[White "Audhora, Purba"]
[Black "Munshi, Aditya"]
[Result "0-1"]
[ECO "B18"]
[WhiteElo "1168"]
[BlackElo "2183"]
[Annotator "ChessBase"]
[PlyCount "70"]
[EventDate "2019.09.24"]
[EventCountry "GBR"]
[SourceTitle "playchess.com"]
[Source "ChessBase"]
[SourceQuality "1"]
[TimeControl "40/5400+30:1800+30"]

1. e4 c6 2. d4 d5 3. Nd2 dxe4 4. Nxe4 Bf5 5. Ng3 Bg6 6. Nf3 e6 7. c3 Nf6 8. Bd3 Be7 9. O-O O-O 10. Ne5 c5 11. Bc4 cxd4 12. cxd4 Nc6 13. Nxg6 hxg6 14. Be3 Rc8 15. Bb3 Qd6 16. Qd2 Rfd8 17. Rad1 Qc7 18. Qe2 Rd7 19. h4 Qa5 20. Bd2 Qc7 21. Bc3 Rcd8 22. Qe3 b5 23. a3 a5 24. Ne2 b4 25. axb4 axb4 26. Be1 Nd5 27. Qf3 Bxh4 28. Bxd5 Rxd5 29. Qh3 Bf6 30. Ng3 Nxd4 31. Bxb4 Ne2+ 32. Kh1 Nxg3+ 33. Qxg3 Qxg3 34. fxg3 Rxd1 35. Rxd1 Rxd1+ 0-1

[Event "Delancey UK Schools 2019 U18"]
[Site "Daventry"]
[Date "2019.09.24"]
[Round "1.14"]
[White "Jaufarally, Nadia"]
[Black "Kirklys, Domantas"]
[Result "1-0"]
[ECO "C55"]
[WhiteElo "1991"]
[BlackElo "1125"]
[Annotator "NA"]
[PlyCount "150"]
[EventDate "2019.09.24"]
[EventCountry "GBR"]
[SourceTitle "playchess.com"]
[Source "ChessBase"]
[SourceQuality "1"]
[TimeControl "40/5400+30:1800+30"]

1. e4 e5 2. Nf3 Nc6 3. Bc4 d6 4. c3 Be6 5. Bb3 Nf6 6. d3 Be7 7. O-O O-O 8. Re1 h6 9. h3 Nh7 10. d4 exd4 11. cxd4 Bxb3 12. Qxb3 Rb8 13. Nc3 Ng5 14. Nxg5 Bxg5 15. Bxg5 Qxg5 16. Rad1 Rfe8 17. Nd5 Qd8 18. Qc3 Rc8 19. b4 Ne7 20. Nf4 Ng6 21. Nxg6 fxg6 22. e5 Qd7 23. Qb3+ Kh7 24. e6 Qb5 25. d5 c6 26. a4 Qb6 27. Re4 cxd5 28. Qxd5 Rc7 29. Qxd6 Qxd6 30. Rxd6 Rce7 31. Rd7 g5 32. Red4 Kg6 33. Rxe7 Rxe7 34. Rd7 Kf6 35. Rd3 Rxe6 36. Rd7 Rb6 37. b5 a6 38. bxa6 bxa6 39. a5 Rc6 40. Kf1 g6 41. Ke2 Kf5 42. Rf7+ Ke6 43. Rg7 Kd5 44. Kd3 Kc5 45. Re7 Kb5 46. Re5+ Rc5 47. Re6 Kxa5 48. Rxg6 h5 49. Kd4 Kb5 50. Rxa6 Rc2 51. Rf6 Re2 52. Kd3 Re5 53. Kd4 Rc5 54. Re6 Rc4+ 55. Kd3 Rc5 56. Ke4 Rc4+ 57. Kf5 Rc2 58. Kxg5 Rxf2 59. g3 Rf3 60. Kh4 Rf5 61. Rh6 Rf3 62. Rxh5+ Kc6 63. Re5 Kd6 64. Re1 Rf8 65. g4 Rh8+ 66. Kg3 Rg8 67. h4 Rg6 68. h5 Re6 69. Rxe6+ Kxe6 70. Kf4 Kf6 71. g5+ Kg7 72. Kf5 Kh7 73. g6+ Kg7 74. Kg5 Kg8 75. Kf6 Kf8 1-0

[Event "Delancey UK Schools 2019 U18"]
[Site "Daventry"]
[Date "2019.09.24"]
[Round "2.1"]
[White "Kalavannan, Koby"]
[Black "Modi, Shyam Jagdish"]
[Result "1-0"]
[ECO "E73"]
[WhiteElo "2324"]
[BlackElo "2142"]
[Annotator "ChessBase"]
[PlyCount "91"]
[EventDate "2019.09.24"]
[EventCountry "GBR"]
[SourceTitle "playchess.com"]
[Source "ChessBase"]
[SourceQuality "1"]
[TimeControl "40/5400+30:1800+30"]

1. d4 Nf6 2. c4 g6 3. Nc3 Bg7 4. e4 d6 5. Be2 O-O 6. Be3 e5 7. d5 Na6 8. g4 Nc5 9. Bf3 Ne8 10. h4 f5 11. gxf5 gxf5 12. Nh3 fxe4 13. Nxe4 Bf5 14. Nxc5 dxc5 15. Ng5 Nd6 16. Bxc5 h6 17. Ne6 Bxe6 18. dxe6 e4 19. Qd5 Kh8 20. Bxe4 Qf6 21. Rd1 Nxe4 22. Qxe4 Rfe8 23. e7 b6 24. Ba3 c5 25. Rd7 Qe5 26. Qxe5 Bxe5 27. Rg1 Bf6 28. Rg6 Rxe7+ 29. Rxe7 Bxe7 30. Rxh6+ Kg7 31. Re6 Bxh4 32. b3 Rf8 33. Bb2+ Kh7 34. Re2 Kg6 35. Kf1 Kf5 36. Kg2 Kg6 37. Rd2 Rf7 38. Be5 Kf5 39. Bb8 Ke4 40. Bh2 Rg7+ 41. Kf1 Rf7 42. Bg1 Bg5 43. Rd5 Bf4 44. Ke2 Bh6 45. Bh2 Rf3 46. Re5+ 1-0

[Event "Delancey UK Schools 2019 U18"]
[Site "Daventry"]
[Date "2019.09.24"]
[Round "2.2"]
[White "Modi, Kishan Jagdish"]
[Black "Willow, Jonah B"]
[Result "0-1"]
[ECO "B77"]
[WhiteElo "2004"]
[BlackElo "2327"]
[Annotator "ChessBase"]
[PlyCount "52"]
[EventDate "2019.09.24"]
[EventCountry "GBR"]
[SourceTitle "playchess.com"]
[Source "ChessBase"]
[SourceQuality "1"]
[TimeControl "40/5400+30:1800+30"]

1. e4 c5 2. Nf3 Nc6 3. d4 cxd4 4. Nxd4 g6 5. Nc3 Bg7 6. Be3 Nf6 7. Bc4 O-O 8. Bb3 d6 9. f3 Bd7 10. Qd2 Nxd4 11. Bxd4 b5 12. h4 a5 13. h5 a4 14. Bd5 b4 15. Ne2 Rc8 16. hxg6 hxg6 17. Bxf6 exf6 18. Nf4 Re8 19. Nxg6 Be6 20. Nf4 f5 21. Nh5 Bxb2 22. O-O Bxd5 23. exd5 Qh4 24. g4 fxg4 25. fxg4 Qxg4+ 26. Qg2 Qxg2+ 0-1

[Event "Delancey UK Schools 2019 U18"]
[Site "Daventry"]
[Date "2019.09.24"]
[Round "2.3"]
[White "Munshi, Aditya"]
[Black "Stoyanov, Viktor"]
[Result "1-0"]
[ECO "B51"]
[WhiteElo "2183"]
[BlackElo "2272"]
[Annotator "ChessBase"]
[PlyCount "91"]
[EventDate "2019.09.24"]
[EventCountry "GBR"]
[SourceTitle "playchess.com"]
[Source "ChessBase"]
[SourceQuality "1"]
[TimeControl "40/5400+30:1800+30"]

1. e4 c5 2. Nf3 d6 3. Bb5+ Nd7 4. O-O a6 5. Bd3 Ngf6 6. Re1 e6 7. c3 Be7 8. Bc2 c4 9. a4 O-O 10. Qe2 Qc7 11. Na3 b5 12. axb5 Bb7 13. d3 axb5 14. Nxb5 Qb6 15. Rxa8 Rxa8 16. dxc4 Nc5 17. e5 dxe5 18. Nxe5 Nce4 19. b4 Ra2 20. Be3 Qd8 21. f3 Qb8 22. Bd4 g6 23. fxe4 Bxe4 24. Nd7 Nxd7 25. Qxe4 Nf6 26. Qd3 Ng4 27. g3 e5 28. Be3 Nxe3 29. Rxe3 Ra1+ 30. Bd1 Bg5 31. Re1 Ra2 32. Bf3 Rd2 33. Qe4 Qb6+ 34. Kh1 Qf2 35. Bg2 Be3 36. Rf1 Qe2 37. Qf3 Qxc4 38. Qxe3 Re2 39. Qf3 e4 40. Qf4 f5 41. Nd6 Qd3 42. Qe5 Rd2 43. Qe6+ Kg7 44. Qe7+ Kh6 45. Nf7+ Kg7 46. Ne5+ 1-0

[Event "Delancey UK Schools 2019 U18"]
[Site "Daventry"]
[Date "2019.09.24"]
[Round "2.4"]
[White "Boswell, Jacob Connor"]
[Black "Jaufarally, Nadia"]
[Result "1-0"]
[ECO "A01"]
[WhiteElo "2000"]
[BlackElo "1991"]
[Annotator "NA"]
[PlyCount "77"]
[EventDate "2019.09.24"]
[EventCountry "GBR"]
[SourceTitle "playchess.com"]
[Source "ChessBase"]
[SourceQuality "1"]
[TimeControl "40/5400+30:1800+30"]

1. b3 Nf6 2. Bb2 g6 3. Bxf6 exf6 4. c4 Bg7 5. Nc3 Nc6 6. g3 O-O 7. Bg2 d6 8. Nf3 f5 9. Rc1 Ne7 10. d4 d5 11. O-O Be6 12. Na4 b6 13. e3 Rc8 14. c5 b5 15. Nb2 c6 16. Nd3 Kh8 17. Qd2 Ng8 18. a4 a6 19. axb5 axb5 20. Nb4 Qc7 21. Ra1 Ra8 22. Ra2 Rfb8 23. Na6 Qa7 24. Nxb8 Qxa2 25. Qxa2 Rxa2 26. Nxc6 Rb2 27. b4 Bf6 28. Ra1 Ne7 29. Nxe7 Bxe7 30. Bf1 Rxb4 31. Ra5 Rb1 32. Rxb5 Rc1 33. Kg2 Kg7 34. Ne5 Bf6 35. Nd3 Rc2 36. h4 h6 37. Nf4 Be7 38. Rb6 Kf6 39. Nxd5+ 1-0

[Event "Delancey UK Schools 2019 U18"]
[Site "Daventry"]
[Date "2019.09.24"]
[Round "2.5"]
[White "Jain, Gautam"]
[Black "Klingher, Dominic"]
[Result "0-1"]
[ECO "B24"]
[WhiteElo "1900"]
[BlackElo "2071"]
[Annotator "NA"]
[PlyCount "120"]
[EventDate "2019.09.24"]
[EventCountry "GBR"]
[SourceTitle "playchess.com"]
[Source "ChessBase"]
[SourceQuality "1"]
[TimeControl "40/5400+30:1800+30"]

1. e4 e6 2. d3 d5 3. Nc3 Nf6 4. Bd2 c5 5. g3 Nc6 6. Bg2 Be7 7. Nf3 O-O 8. O-O c4 9. e5 Nd7 10. dxc4 d4 11. Ne2 Ndxe5 12. Nexd4 Nxc4 13. Nxc6 bxc6 14. Bc3 Bf6 15. Qxd8 Rxd8 16. Bxf6 gxf6 17. b3 Na3 18. c4 Bb7 19. c5 Rd5 20. Rac1 Rad8 21. Rfe1 a5 22. Re4 Ba6 23. h4 Bb5 24. g4 Rd1+ 25. Rxd1 Rxd1+ 26. Re1 Rd5 27. Rc1 Be2 28. Nh2 Rd2 29. Bxc6 Rxa2 30. Ba4 Nc2 31. f3 Nd4 32. c6 Ba6 33. Rc5 Ne2+ 34. Kh1 Ra1+ 35. Kg2 Nf4+ 36. Kg3 e5 37. h5 Rg1+ 38. Kh4 Rg2 39. Nf1 Bxf1 40. c7 Ba6 41. c8=Q+ Bxc8 42. Rxc8+ Kg7 43. Rc5 Ne2 44. Kh3 Nf4+ 45. Kh4 Rf2 46. Kg3 Rg2+ 47. Kh4 Rh2+ 48. Kg3 Rh3+ 49. Kf2 Nd3+ 50. Kg2 Nxc5 51. Kxh3 f5 52. g5 h6 53. Kh4 hxg5+ 54. Kxg5 f4 55. Kf5 f6 56. h6+ Kxh6 57. Kxf6 e4 58. Bc6 e3 59. Bb5 Nxb3 60. Be2 Nd4 0-1

[Event "Delancey UK Schools 2019 U18"]
[Site "Daventry"]
[Date "2019.09.24"]
[Round "2.6"]
[White "Grieve, Harry"]
[Black "Golding, James"]
[Result "1-0"]
[ECO "C44"]
[WhiteElo "2277"]
[BlackElo "2075"]
[Annotator "ChessBase"]
[PlyCount "77"]
[EventDate "2019.09.24"]
[EventCountry "GBR"]
[SourceTitle "playchess.com"]
[Source "ChessBase"]
[SourceQuality "1"]
[TimeControl "40/5400+30:1800+30"]

1. e4 e5 2. Nf3 Nc6 3. Be2 Nf6 4. d3 d5 5. Nbd2 Bc5 6. c3 a5 7. Qc2 O-O 8. h3 h6 9. Nf1 Be6 10. g4 Nd7 11. Ng3 Be7 12. Nf5 Bxf5 13. gxf5 Nf6 14. Rg1 Kh7 15. a4 dxe4 16. dxe4 Rg8 17. Be3 g6 18. Qb3 gxf5 19. Qxf7+ Kh8 20. Rg6 Rxg6 21. Qxg6 f4 22. Qxh6+ Nh7 23. Bd2 Qg8 24. c4 Qg2 25. Qh5 Bf6 26. Bf1 Qg8 27. Bc3 Re8 28. O-O-O Re7 29. Rd5 Qg7 30. Bxa5 Kg8 31. Bc3 Nf8 32. c5 Ng6 33. Bc4 Kf8 34. Rd1 Qh7 35. Qf5 Kg7 36. Rg1 Nd4 37. Bxd4 exd4 38. e5 Bxe5 39. Nxe5 1-0

[Event "Delancey UK Schools 2019 U18"]
[Site "Daventry"]
[Date "2019.09.24"]
[Round "2.8"]
[White "Pollack, Oscar"]
[Black "Stubbs, Oliver"]
[Result "1-0"]
[ECO "C10"]
[WhiteElo "2112"]
[BlackElo "1835"]
[Annotator "ChessBase"]
[PlyCount "87"]
[EventDate "2019.09.24"]
[EventCountry "GBR"]
[SourceTitle "playchess.com"]
[Source "ChessBase"]
[SourceQuality "1"]
[TimeControl "40/5400+30:1800+30"]

1. e4 e6 2. d4 d5 3. Nc3 dxe4 4. Nxe4 Nd7 5. Nf3 Ngf6 6. Nxf6+ Nxf6 7. Bd3 c5 8. O-O cxd4 9. Nxd4 Be7 10. Be3 O-O 11. Qe2 Qc7 12. c3 Bd7 13. Rad1 Rfd8 14. Bb1 Bd6 15. h3 Bh2+ 16. Kh1 Bf4 17. Rfe1 Bxe3 18. Qxe3 a6 19. Nf3 Ba4 20. Rd4 Rxd4 21. Qxd4 Bc6 22. Ne5 Rd8 23. Qh4 h6 24. Bd3 Rd5 25. f4 Rd6 26. f5 exf5 27. Bxf5 Rd2 28. Nxc6 Qxc6 29. Qg3 Qd6 30. Qxd6 Rxd6 31. Re7 g6 32. Bc8 b5 33. Ra7 Ne4 34. Bxa6 h5 35. Bxb5 h4 36. Rd7 Re6 37. Bc4 Ng3+ 38. Kg1 Rf6 39. a4 Kf8 40. a5 Ke8 41. Rxf7 Rd6 42. Rf4 g5 43. Rd4 Rf6 44. a6 1-0

[Event "Delancey UK Schools 2019 U18"]
[Site "Daventry"]
[Date "2019.09.24"]
[Round "2.9"]
[White "Rathbone-Jones, Ifan"]
[Black "Stewart, Lilya"]
[Result "1-0"]
[ECO "D00"]
[WhiteElo "1879"]
[BlackElo "1567"]
[Annotator "NA"]
[PlyCount "47"]
[EventDate "2019.09.24"]
[EventCountry "GBR"]
[SourceTitle "playchess.com"]
[Source "ChessBase"]
[SourceQuality "1"]
[TimeControl "40/5400+30:1800+30"]

1. d4 d5 2. Bf4 e6 3. Nd2 Bd6 4. Bg3 Nf6 5. e3 a6 6. Bd3 Nbd7 7. Ngf3 O-O 8. c3 c5 9. Bxd6 Re8 10. O-O c4 11. Bc2 Qb6 12. Ba3 Qc7 13. e4 Nf8 14. e5 N6d7 15. Nh4 f6 16. f4 Qd8 17. Qf3 fxe5 18. fxe5 b5 19. Qh5 g6 20. Nxg6 hxg6 21. Bxg6 Nxg6 22. Qxg6+ Kh8 23. Rf7 Qh4 24. Qg7# 1-0

[Event "Delancey UK Schools 2019 U18"]
[Site "Daventry"]
[Date "2019.09.24"]
[Round "2.10"]
[White "Golding, Alex"]
[Black "Cocks, Elliot"]
[Result "1-0"]
[ECO "B43"]
[WhiteElo "2306"]
[BlackElo "1881"]
[Annotator "ChessBase"]
[PlyCount "71"]
[EventDate "2019.09.24"]
[EventCountry "GBR"]
[SourceTitle "playchess.com"]
[Source "ChessBase"]
[SourceQuality "1"]
[TimeControl "40/5400+30:1800+30"]

1. e4 c5 2. Nf3 e6 3. d4 cxd4 4. Nxd4 a6 5. Nc3 Qc7 6. Nb3 b5 7. Be3 Bb7 8. Bd3 Nf6 9. f3 d5 10. exd5 Nxd5 11. Nxd5 Bxd5 12. Qd2 Be7 13. a4 b4 14. O-O Nd7 15. Qf2 O-O 16. Rfc1 Rfc8 17. Nd2 Ne5 18. Bf1 Nc4 19. Bxc4 Bxc4 20. c3 Bd3 21. c4 Bf6 22. Nb3 Qe5 23. Bd4 Qf5 24. Bxf6 Qxf6 25. Nc5 Rd8 26. b3 Bg6 27. Rd1 a5 28. Nb7 Rd7 29. Rxd7 Qxa1+ 30. Qf1 Qf6 31. c5 h6 32. c6 e5 33. Rd6 Qe7 34. Qc4 e4 35. Rd7 Qe5 36. Qd4 1-0